Map: Frozen Temple

Players

EnVyUsPolt (Polt)

  • Race: Terran Terran
  • League: Master

Strange - Winner!

  • Race: Protoss Protoss

Event: DreamHack Open Tours WCS Spring Championship

VOD

Have the link to the VOD?

Description

Time

  • Played on: May 14, 2016, 7:23 a.m.
  • Length: 6:59

All games in this series

Show
View Real Time Build Order
Export as new Build Order

EnVyUsPolt Terran 

Build Orders: Reaper Expand 

Get SALT Encoding   

  12  0:00  SCV  
  13  0:12  SCV  
  14  0:17  Supply Depot  
  14  0:25  SCV  
  15  0:38  SCV  
  15  0:39  Barracks  
  16  0:44  Refinery  
  16  0:50  SCV  
  17  1:03  SCV  
  18  1:15  SCV  
  19  1:27  Orbital Command, Reaper  
  20  1:39  Command Center  
  20  1:49  Supply Depot  
  20  1:52  SCV  
  21  2:00  Barracks Reactor  
  21  2:04  SCV  
  21  2:07  Barracks  
  22  2:16  SCV  
  22  2:22  Factory  
  23  2:28  SCV  
  24  2:30  Refinery  
  24  2:37  Marine x2  
  24  2:41  SCV  
  27  2:51  Orbital Command  
  27  2:54  SCV  
  27  2:55  Barracks Tech Lab  
  27  2:56  Marine  
  27  2:57  Marine  
  30  3:06  SCV  
  30  3:07  Starport  
  30  3:09  Widow Mine  
  33  3:16  SCV  
  33  3:18  SCV  
  33  3:19  Marine x2  
  37  3:25  Stimpack  
  37  3:28  SCV  
  37  3:30  SCV  
  37  3:32  Supply Depot  
  39  3:41  SCV  
  40  3:42  SCV  
  40  3:44  Medivac, Marine x2  
  45  3:49  Marine  
  45  3:51  Supply Depot  
  45  3:54  SCV x2, Factory Reactor  
  48  4:05  Marine x2  
  48  4:06  SCV x2  
  48  4:07  Marauder  
  54  4:10  Supply Depot  
  54  4:13  Engineering Bay  
  54  4:18  SCV x2  
  56  4:26  Marine  
  56  4:27  Marine  
  56  4:28  Marauder  
  56  4:30  SCV x2  
  62  4:36  Supply Depot  
  62  4:40  Medivac x2  
  62  4:42  SCV  
  62  4:43  SCV  
  62  4:44  Refinery  
  68  4:48  Missile Turret  
  68  4:53  Bunker  
  68  4:54  Marauder  
  68  4:56  Marine  
  68  4:57  Marine  
  71  5:01  SCV x2  
  71  5:02  Refinery  
  73  5:10  Barracks  
  73  5:17  Marauder, Marine x2  
  73  5:20  Barracks  
  77  5:21  Barracks  
  77  5:37  SCV  
  77  5:38  Supply Depot  
  77  5:39  Supply Depot  
  77  5:40  Supply Depot  
  78  5:49  Missile Turret  
  78  5:51  Medivac x2  
  78  5:56  Marauder, Marine  
  78  5:57  Marine  
  78  5:59  SCV x2  
  73  6:07  Marine  
  74  6:11  SCV  
  74  6:17  Marine  
  74  6:18  Marauder  
  55  6:41  Marine  
Show
View Real Time Build Order
Export as new Build Order

Strange Protoss - Winner!

Build Orders: 1 Gate Expand 

Get SALT Encoding   

  12  0:01  Probe (Chrono Boost)  
  13  0:11  Probe (Chrono Boost)  
  14  0:17  Pylon  
  14  0:22  Probe (Chrono Boost)  
  15  0:36  Probe (Chrono Boost)  
  15  0:37  Gateway  
  15  0:41  Assimilator  
  16  0:46  Probe (Chrono Boost)  
  18  0:57  Probe (Chrono Boost)  
  18  1:07  Probe (Chrono Boost)  
  19  1:20  Nexus  
  19  1:30  Cybernetics Core  
  19  1:34  Probe (Chrono Boost)  
  20  1:41  Assimilator  
  20  1:44  Probe (Chrono Boost)  
  21  1:49  Pylon  
  21  1:55  Probe (Chrono Boost)  
  22  2:07  Adept  
  22  2:08  Mothership Core (Chrono Boost)  
  26  2:14  Warp Gate  
  26  2:26  Probe (Chrono Boost)  
  27  2:33  Probe (Chrono Boost)  
  29  2:37  Probe (Chrono Boost)  
  29  2:43  Probe (Chrono Boost), Robotics Facility  
  30  2:47  Probe (Chrono Boost)  
  31  2:54  Probe (Chrono Boost)  
  31  2:58  Probe (Chrono Boost)  
  33  3:04  Probe (Chrono Boost)  
  34  3:08  Probe (Chrono Boost)  
  35  3:15  Probe (Chrono Boost)  
  35  3:17  Forge  
  35  3:18  Twilight Council  
  35  3:19  Probe (Chrono Boost)  
  37  3:25  Probe (Chrono Boost)  
  38  3:30  Warp Prism (Chrono Boost)  
  40  3:44  Gateway  
  40  3:45  Resonating Glaives  
  40  3:46  Gateway  
  40  3:47  Gateway  
  40  3:50  Probe, Protoss Ground Weapons Level 1 (Chrono Boost)  
  40  3:51  Probe  
  42  4:00  Probe  
  43  4:03  Probe  
  44  4:17  Gateway x2  
  44  4:19  Gateway  
  44  4:25  Pylon  
  44  4:27  Pylon, Observer (Chrono Boost)  
  45  4:41  Pylon  
  45  4:44  Adept x4  
  53  4:59  Pylon  
  53  5:01  Pylon  
  53  5:04  Adept x2  
  53  5:05  Adept  
  53  5:06  Adept  
  61  5:14  Adept x2  
  63  5:20  Adept  
  67  5:25  Pylon, Adept  
  67  5:26  Adept x2  
  73  5:29  Adept  
  73  5:35  Adept x2  
  79  5:52  Adept x2  
  79  5:53  Adept x3  
  79  6:00  Adept x2  
  77  6:30  Adept x4  
  77  6:31  Adept x3  
  91  6:35  Pylon, Assimilator x2  

Tags
 
Add a new tag
Caveats
  • Supply blocks, unpowered buildings, or Contaminate may cause inaccurate times.
  • Supply counts are checked every 10 seconds.